3AAA
PENNSAUKEN FLYERS @ HARTFORD PRIDE
07/25/2041
 
TOP OF THE 1ST
Pennsauken Flyers batting - Pitching for Hartford Pride : RHP José Correa
Pitching: RHP José Correa
Batting: LHB Robby Caldwell 0-0: Called Strike
0-1: Foul Ball, location: 2F
0-2: Ball
1-2: Foul Ball, location: 2F
1-2: Ball
2-2: Ground out 4-3 (Groundball, 4, EV 101.2 MPH)
Batting: RHB Yakamochi Ota 0-0: Ground out 5-3 (Groundball, 56S, EV 66.2 MPH)
Batting: LHB Rafael Barrueco 0-0: Ball
1-0: Ball
2-0: Called Strike
2-1: Fly out, F7 (Flyball, 7S, EV 87.5 MPH)
Top of the 1st over - 0 runs, 0 hits, 0 errors, 0 left on base; Pennsauken 0 - Hartford 0
BOTTOM OF THE 1ST
Hartford Pride batting - Pitching for Pennsauken Flyers : RHP Oliver Rodríguez
Pitching: RHP Oliver Rodríguez
Batting: LHB Ramón Garmendia 0-0: Ball
1-0: Called Strike
1-1: Called Strike
1-2: Foul Ball, location: 2F
1-2: Strikes out swinging
Batting: LHB César Gómes 0-0: Ball
1-0: Ball
2-0: Ball
3-0: Base on Balls
Batting: LHB Fernando Sandoval 0-0: Called Strike
0-1: Ball
1-1: Foul Ball, location: 2F
1-2: Ball
2-2: Foul Ball, location: 2F
2-2: Fly out, F8 (Line Drive, 8LD, EV 90.6 MPH)
Batting: LHB Shohei Otani 0-0: Foul Ball, location: 2F
0-1: Ball
1-1: Ball
2-1: Swinging Strike
2-2: Ground out 1-3 (Groundball, P, EV 78.8 MPH)
Bottom of the 1st over - 0 runs, 0 hits, 0 errors, 1 left on base; Pennsauken 0 - Hartford 0
TOP OF THE 2ND
Pennsauken Flyers batting - Pitching for Hartford Pride : RHP José Correa
Batting: RHB Ruby Rhod 0-0: Called Strike
0-1: Ball
1-1: Ball
2-1: Foul Ball, location: 2F
2-2: Ball
3-2: Strikes out looking
Batting: SHB Obke Preesman 0-0: Ball
1-0: Foul Ball, location: 2F
1-1: Ball
2-1: Swinging Strike
2-2: Ball
3-2: Base on Balls
Batting: LHB Masamune Ueda 0-0: Ball
1-0: SINGLE (Groundball, 34D, EV 100.0 MPH)
Obke Preesman to second
Runner from 2nd tries for 3rd, SAFE, throw by RF made to third
Batting: RHB Dana O'Quinlevan 0-0: Ball
1-0: Ball
2-0: 3-RUN HOME RUN (Flyball, 7LD, EV 100.0 MPH), Distance : 355 ft
Batting: LHB Robert Dawson 0-0: Ball
1-0: Called Strike
1-1: Swinging Strike
1-2: Ball
2-2: Ball
3-2: Strikes out swinging
Batting: RHB Wilson Mitchell 0-0: Ball
1-0: Ground out 1-3 (Groundball, 13S, EV 61.9 MPH)
Top of the 2nd over - 3 runs, 2 hits, 0 errors, 0 left on base; Pennsauken 3 - Hartford 0
BOTTOM OF THE 2ND
Hartford Pride batting - Pitching for Pennsauken Flyers : RHP Oliver Rodríguez
Batting: RHB Felipe Campos 0-0: Ball
1-0: Called Strike
1-1: Ball
2-1: Ball
3-1: Base on Balls
Batting: LHB Jorge Ortíz 0-0: Ball
1-0: Foul Ball, location: 2F
1-1: Called Strike
Felipe Campos is caught stealing 2nd base 2-6
1-2: Ground out 5-3 (Groundball, 56, EV 81.2 MPH)
Batting: RHB Peer Kattenberg 0-0: Ball
1-0: Ball
2-0: Foul Ball, location: 2F
2-1: Called Strike
2-2: DOUBLE (Line Drive, 7LD, EV 104.4 MPH)
Batting: RHB Lester Kwiatkowski 0-0: Swinging Strike
0-1: Ball
1-1: Swinging Strike
1-2: Strikes out looking
Bottom of the 2nd over - 0 runs, 1 hit, 0 errors, 1 left on base; Pennsauken 3 - Hartford 0
TOP OF THE 3RD
Pennsauken Flyers batting - Pitching for Hartford Pride : RHP José Correa
Batting: LHB Robby Caldwell 0-0: Called Strike
0-1: Ball
1-1: Ball
2-1: Foul Ball, location: 2F
2-2: Ball
3-2: Base on Balls
Batting: RHB Yakamochi Ota 0-0: Ball
1-0: Reached on error, E6 (Groundball, 6MS, EV 64.4 MPH)
Robby Caldwell to second
Batting: LHB Rafael Barrueco 0-0: Ball
1-0: Ball
2-0: Called Strike
2-1: Foul Ball, location: 2F
2-2: Foul Ball, location: 2F
2-2: Strikes out looking
Batting: RHB Ruby Rhod 0-0: Ball
1-0: Foul Ball, location: 2F
1-1: Ball
2-1: Swinging Strike
2-2: Strikes out swinging
Batting: SHB Obke Preesman 0-0: Called Strike
0-1: Foul Ball, location: 2F
0-2: Fly out, F8 (Flyball, 8LS, EV 87.5 MPH)
Top of the 3rd over - 0 runs, 0 hits, 1 error, 2 left on base; Pennsauken 3 - Hartford 0
BOTTOM OF THE 3RD
Hartford Pride batting - Pitching for Pennsauken Flyers : RHP Oliver Rodríguez
Batting: RHB Reynaldo Torres 0-0: Ball
1-0: SINGLE (Groundball, 6D, EV 95.6 MPH)
Batting: LHB Ramón Garmendia 0-0: Swinging Strike
0-1: Foul Ball, location: 2F
0-2: Ball
1-2: Strikes out swinging
Batting: LHB César Gómes 0-0: Called Strike
0-1: Swinging Strike
0-2: Fly out, F6 (Line Drive, 6, EV 66.2 MPH)
Batting: LHB Fernando Sandoval 0-0: Foul Ball, location: 2F
0-1: Called Strike
0-2: Ball
1-2: Strikes out swinging
Bottom of the 3rd over - 0 runs, 1 hit, 0 errors, 1 left on base; Pennsauken 3 - Hartford 0
TOP OF THE 4TH
Pennsauken Flyers batting - Pitching for Hartford Pride : RHP José Correa
Batting: LHB Masamune Ueda 0-0: Called Strike
0-1: Ball
1-1: Ball
2-1: Ball
3-1: Called Strike
3-2: Strikes out swinging
Batting: RHB Dana O'Quinlevan 0-0: Foul Ball, location: 2F
0-1: Ball
1-1: Ball
2-1: Swinging Strike
2-2: Foul Ball, location: 2F
2-2: Strikes out swinging
Batting: LHB Robert Dawson 0-0: Fly out, F7 (Flyball, 7D, EV 102.5 MPH)
Top of the 4th over - 0 runs, 0 hits, 0 errors, 0 left on base; Pennsauken 3 - Hartford 0
BOTTOM OF THE 4TH
Hartford Pride batting - Pitching for Pennsauken Flyers : RHP Oliver Rodríguez
Batting: LHB Shohei Otani 0-0: Called Strike
0-1: Ball
1-1: Called Strike
1-2: Ball
2-2: Fly out, F6 (Line Drive, 6, EV 66.2 MPH)
Batting: RHB Felipe Campos 0-0: Called Strike
0-1: Ball
1-1: Foul Ball, location: 2F
1-2: Ball
2-2: Strikes out looking
Batting: LHB Jorge Ortíz 0-0: Called Strike
0-1: Ball
1-1: Ground out 6-3 (Groundball, 6, EV 86.2 MPH)
Bottom of the 4th over - 0 runs, 0 hits, 0 errors, 0 left on base; Pennsauken 3 - Hartford 0
TOP OF THE 5TH
Pennsauken Flyers batting - Pitching for Hartford Pride : RHP José Correa
Batting: RHB Wilson Mitchell 0-0: Ball
1-0: Foul Ball, location: 2F
1-1: DOUBLE (Groundball, 5L, EV 103.1 MPH)
Batting: LHB Robby Caldwell 0-0: Swinging Strike
0-1: DOUBLE (Line Drive, 9LD, EV 103.8 MPH)
Wilson Mitchell scores
Batting: RHB Yakamochi Ota 0-0: Ball
Robby Caldwell steals 3rd base
1-0: Ball
2-0: Ball
3-0: Base on Balls
Batting: LHB Rafael Barrueco 0-0: Called Strike
0-1: Ball
1-1: Swinging Strike
1-2: Fielders Choice at 2nd, 1-6 (Groundball, 23, EV 76.2 MPH)
Batting: RHB Ruby Rhod 0-0: Grounds into double play, 6-4-3 (Groundball, 6, EV 105.6 MPH)
Top of the 5th over - 1 run, 2 hits, 0 errors, 1 left on base; Pennsauken 4 - Hartford 0
BOTTOM OF THE 5TH
Hartford Pride batting - Pitching for Pennsauken Flyers : RHP Oliver Rodríguez
Batting: RHB Peer Kattenberg 0-0: Foul Ball, location: 2F
0-1: Ball
1-1: Swinging Strike
1-2: Strikes out swinging
Batting: RHB Lester Kwiatkowski 0-0: Ground out 4-3 (Groundball, 4, EV 103.8 MPH)
Batting: RHB Reynaldo Torres 0-0: Foul Ball, location: 2F
0-1: Called Strike
0-2: Ball
1-2: Foul Ball, location: 2F
1-2: Foul Ball, location: 2F
1-2: Ground out 4-3 (Groundball, 4, EV 105.0 MPH)
Bottom of the 5th over - 0 runs, 0 hits, 0 errors, 0 left on base; Pennsauken 4 - Hartford 0
TOP OF THE 6TH
Pennsauken Flyers batting - Pitching for Hartford Pride : RHP José Correa
Batting: SHB Obke Preesman 0-0: Called Strike
0-1: Foul Ball, location: 2F
0-2: Fly out, F9 (Flyball, 9LD, EV 95.6 MPH)
Batting: LHB Masamune Ueda 0-0: Called Strike
0-1: Ball
1-1: Fly out, F9 (Flyball, 9LS, EV 88.1 MPH)
Batting: RHB Dana O'Quinlevan 0-0: Called Strike
0-1: Ball
1-1: Ball
2-1: DOUBLE (Flyball, 8RXD, EV 98.8 MPH)
Pitching: RHP Eduardo Flores
Batting: LHB Robert Dawson 0-0: Ball
1-0: Ball
2-0: Foul Ball, location: 2F
2-1: Fly out, F8 (Flyball, 8RD, EV 88.8 MPH)
Top of the 6th over - 0 runs, 1 hit, 0 errors, 1 left on base; Pennsauken 4 - Hartford 0
BOTTOM OF THE 6TH
Hartford Pride batting - Pitching for Pennsauken Flyers : RHP Oliver Rodríguez
Batting: LHB Ramón Garmendia 0-0: Ball
1-0: Called Strike
1-1: Ground out 4-3 (Groundball, 4, EV 82.5 MPH)
Batting: LHB César Gómes 0-0: Ball
1-0: Ball
2-0: Ball
3-0: Called Strike
3-1: Fly out, F4 (Popup, 4MD, EV 51.9 MPH)
Batting: LHB Fernando Sandoval 0-0: Foul Ball, location: 2F
0-1: Swinging Strike
0-2: Ball
1-2: Ball
2-2: Strikes out swinging
Bottom of the 6th over - 0 runs, 0 hits, 0 errors, 0 left on base; Pennsauken 4 - Hartford 0
TOP OF THE 7TH
Pennsauken Flyers batting - Pitching for Hartford Pride : RHP Eduardo Flores
Batting: RHB Wilson Mitchell 0-0: Ball
1-0: Swinging Strike
1-1: Ground out 6-3 (Groundball, 6S, EV 71.2 MPH)
Batting: LHB Robby Caldwell 0-0: Ground out 4-3 (Groundball, 4, EV 106.9 MPH)
Batting: RHB Yakamochi Ota 0-0: Called Strike
0-1: Foul Ball, location: 2F
0-2: Ball
1-2: Strikes out swinging
Top of the 7th over - 0 runs, 0 hits, 0 errors, 0 left on base; Pennsauken 4 - Hartford 0
BOTTOM OF THE 7TH
Hartford Pride batting - Pitching for Pennsauken Flyers : RHP Oliver Rodríguez
Batting: LHB Shohei Otani 0-0: Ball
1-0: Swinging Strike
1-1: Ball
2-1: Ball
3-1: Base on Balls
Batting: RHB Felipe Campos 0-0: Ball
1-0: Called Strike
1-1: Ball
2-1: Called Strike
2-2: Fly out, F8 (Line Drive, 8LD, EV 90.6 MPH)
Pitching: LHP François Boyer
Batting: LHB Jorge Ortíz 0-0: Fielders Choice at 2nd, 1-6 (Groundball, 13S, EV 65.6 MPH)
Batting: RHB Peer Kattenberg 0-0: Foul Ball, location: 2F
0-1: SINGLE (Flyball, 89S, EV 90.6 MPH)
Jorge Ortíz to second
Batting: RHB Lester Kwiatkowski 0-0: SINGLE (Groundball, 6D, EV 97.5 MPH)
Jorge Ortíz to third
Peer Kattenberg to second
Runner from 3rd tries for Home, throw by CF and OUT! 8-2
Bottom of the 7th over - 0 runs, 2 hits, 0 errors, 2 left on base; Pennsauken 4 - Hartford 0
TOP OF THE 8TH
Pennsauken Flyers batting - Pitching for Hartford Pride : RHP Eduardo Flores
Batting: LHB Rafael Barrueco 0-0: Ground out U3 (Groundball, 3, EV 90.0 MPH)
Batting: RHB Ruby Rhod 0-0: Called Strike
0-1: Called Strike
0-2: Strikes out swinging
Batting: SHB Obke Preesman 0-0: Foul Ball, location: 2F
0-1: DOUBLE (Flyball, 8RXD, EV 103.8 MPH)
Batting: LHB Masamune Ueda 0-0: Ball
1-0: Ground out 6-3 (Groundball, 6D, EV 106.2 MPH)
Top of the 8th over - 0 runs, 1 hit, 0 errors, 1 left on base; Pennsauken 4 - Hartford 0
BOTTOM OF THE 8TH
Hartford Pride batting - Pitching for Pennsauken Flyers : LHP François Boyer
Batting: RHB Reynaldo Torres 0-0: Called Strike
0-1: Called Strike
0-2: Strikes out looking
Batting: LHB Ramón Garmendia 0-0: Ball
1-0: Ball
2-0: Ball
3-0: Base on Balls
Batting: LHB César Gómes 0-0: Called Strike
0-1: Foul Ball, location: 2F
0-2: Fielders Choice at 2nd, 4-6 (Groundball, 34, EV 86.2 MPH)
Batting: LHB Fernando Sandoval 0-0: Called Strike
0-1: Ball
1-1: Fly out, F2 (Popup, 2R, EV 88.1 MPH)
Bottom of the 8th over - 0 runs, 0 hits, 0 errors, 1 left on base; Pennsauken 4 - Hartford 0
TOP OF THE 9TH
Pennsauken Flyers batting - Pitching for Hartford Pride : RHP Eduardo Flores
Pitching: RHP Tony Ramírez
Batting: RHB Dana O'Quinlevan 0-0: Foul Ball, location: 2F
0-1: Called Strike
0-2: Strikes out swinging
Batting: LHB Robert Dawson 0-0: Ball
1-0: Ground out 6-3 (Groundball, 6, EV 77.5 MPH)
Batting: RHB Wilson Mitchell 0-0: Ball
1-0: Ball
2-0: Ground out 6-3 (Groundball, 6MD, EV 102.5 MPH)
Top of the 9th over - 0 runs, 0 hits, 0 errors, 0 left on base; Pennsauken 4 - Hartford 0
BOTTOM OF THE 9TH
Hartford Pride batting - Pitching for Pennsauken Flyers : LHP François Boyer
Pitching: LHP Dale Hamilton
Batting: LHB Shohei Otani 0-0: Foul Ball, location: 2F
0-1: Hit by Pitch
Batting: RHB Felipe Campos 0-0: Called Strike
0-1: Ball
1-1: Ball
2-1: Ball
3-1: Base on Balls
Shohei Otani to second
Batting: LHB Jorge Ortíz 0-0: Called Strike
0-1: Ball
1-1: SINGLE (Groundball, 3D, EV 103.1 MPH)
Shohei Otani to third
Felipe Campos to second
Batting: RHB Peer Kattenberg 0-0: Grounds into fielders choice 1-2 (Groundball, 15, EV 83.1 MPH)
Felipe Campos to third
Jorge Ortíz to second
Batting: RHB Lester Kwiatkowski 0-0: Foul Ball, location: 2F
0-1: Called Strike
0-2: Strikes out looking
Batting: RHB Reynaldo Torres 0-0: Called Strike
0-1: Called Strike
0-2: Fly out, F7 (Line Drive, 7, EV 98.1 MPH)
Bottom of the 9th over - 0 runs, 1 hit, 0 errors, 3 left on base; Pennsauken 4 - Hartford 0
Tuesday, January 5th, 2021 - OOTP Baseball 20.8 Build 74